 Dungeon Crawl Stone Soup version 0.29.1-1-gd02db6906a (webtiles) character file.

Game seed: 11434188186655908248

995 Godmorgon the Destroyer (level 8, -2/41 HPs)
             Began as a Tengu Conjurer on Oct 12, 2022.
             Was an Initiate of Vehumet.
             Slain by a gnoll
             ... wielding a +0 flail
             ... led by a gnoll bouda
              (6 damage)
             ... on level 6 of the Dungeon.
             The game lasted 00:23:54 (5528 turns).

Godmorgon the Destroyer (Tengu Conjurer)            Turns: 5528, Time: 00:23:54

Health: -2/41      AC:  7    Str: 14    XL:     8   Next: 19%
Magic:  5/16       EV: 15    Int: 20    God:    Vehumet [......]
Gold:   154        SH:  0    Dex: 13    Spells: 8/16 levels left

rFire   . . .      SeeInvis .   a - +4 dagger (drain)
rCold   . . .      Faith    .   (no shield)
rNeg    . . .      Spirit   .   c - +0 robe
rPois   .          Reflect  .   (helmet restricted)
rElec   .          Harm     .   (no cloak)
rCorr   .          Rampage  .   h - +0 pair of gloves
Will    .....                   (boots unavailable)
Stlth   ++........              (no amulet)
HPRegen 0.13/turn               f - +4 ring of protection
MPRegen 0.15/turn               q - +6 ring of strength

@: about to teleport, flying quickly and evasively, quick
A: beak, talons 3, nimble flight
a: Renounce Religion


You were on level 6 of the Dungeon.
You worshipped Vehumet.
Vehumet was noncommittal.
You visited 2 branches of the dungeon, and saw 7 of its levels.

You collected 154 gold pieces.

Inventory:

Hand Weapons
 a - a +4 dagger of draining (weapon)
 t - a +2 whip of holy wrath
Missiles
 o - 6 boomerangs
 s - 6 silver boomerangs
Armour
 c - a +0 robe (worn)
 h - a +0 pair of gloves (worn)
Magical Staves
 b - a staff of fire
 p - a staff of cold
Jewellery
 f - a +4 ring of protection (left hand)
 m - a ring of see invisible
 q - a +6 ring of strength (right hand)
Wands
 u - a wand of roots (4)
Scrolls
 e - 2 scrolls of torment
 g - 3 scrolls of teleportation
 n - a scroll of immolation
 v - a scroll of identify
Potions
 d - a potion of lignification
 i - 2 potions of brilliance
 j - 2 potions of magic
 k - a potion of curing {unknown}
 l - 2 potions of might
 r - a potion of haste {unknown}


   Skills:
 + Level 4.0 Dodging
 - Level 2.0 Stealth
 + Level 4.7 Spellcasting
 * Level 8.8 Conjurations
 * Level 5.1 Fire Magic


You had 8 spell levels left.
You knew the following spells:

 Your Spells              Type           Power      Damage    Failure   Level
d - Magic Dart            Conj           100%       1d8       1%          1
f - Foxfire               Conj/Fire      100%       2x1d9     1%          1
s - Searing Ray           Conj           80%        2d7       1%          2
F - Flame Wave            Conj/Fire      32%        2d9       7%          4

Your spell library contained the following spells:

 Spells                   Type           Power      Damage    Failure   Level
 Conjure Flame            Conj/Fire      32%        6-21      1%          3
 Dazzling Flash           Conj/Hex       44%        N/A       6%          3
 Apportation              Tloc           8%         N/A       12%         1
 Necrotise                Necr           16%        1d4       12%         1
 Summon Small Mammal      Summ           16%        N/A       12%         1
 Inner Flame              Hex/Fire       14%        N/A       13%         3
 Fulminant Prism          Conj/Hex       11%        3d9       19%         4
 Iskenderun's Mystic Bla  Conj/Tloc      22%        2d6       19%         4
 Fireball                 Conj/Fire      16%        3d8       19%         5
 Summon Cactus Giant      Summ           2%         N/A       100%        6


Dungeon Overview and Level Annotations

Branches:
Dungeon (6/15)             Temple (1/1) D:6

Altars:
Ashenzari
Cheibriados
Elyvilon
Fedhas
Gozag
Hepliaklqana
Kikubaaqudgha
Makhleb
Nemelex Xobeh
Okawaru
Qazlal
Ru
Sif Muna
Trog
Uskayaw
Vehumet
Wu Jian
Xom
Yredelemnul
Zin
The Shining One

Shops:
D:2 *


Innate Abilities, Weirdness & Mutations

You have a beak for a mouth.
You have claws for feet.
Your magical nature lets you fly swiftly and evasively.


Message History

The gnoll is severely wounded.
The gnoll misses you. The gnoll bouda barely misses you.
The searing ray hits the gnoll but does no damage.
The gnoll is almost dead.
The searing ray hits the gnoll!
You kill the gnoll!
Vehumet accepts your kill. The gnoll hits you but does no damage.
The gnoll bouda hits you with a +0 club!
The gnoll hits you with a +0 flail.
Your Dodging skill increases to level 4!
The searing ray hits the gnoll but does no damage.
The gnoll is almost dead.
You finish channelling your searing ray.
Your attacks no longer feel as feeble.
The gnoll completely misses you. The gnoll barely misses you.
The gnoll bouda closely misses you.
As you read the scroll of teleportation, it crumbles to dust.
You feel strangely unstable. The gnoll completely misses you.
The gnoll misses you.
The gnoll bouda hits you with a +0 club.
* * * LOW HITPOINT WARNING * * *
The gnoll attacks as you move away! The gnoll hits you with a +0 flail!
* * * LOW HITPOINT WARNING * * *
Found 5 poisoned darts.
Okay, then.
Press: ? - help, v - describe, . - travel
Here: a gnoll bouda, wielding a +0 club and wearing a +0 leather armour (moderately wounded)
The floor.
Casting: Searing Ray (safe; 1% risk of failure)
Confirm with . or Enter, or press ? or * to list all spells.
Aiming: Searing Ray (safe; 1% risk of failure)
Press: ? - help, Shift-Dir - straight line, f - gnoll
Aim: a gnoll, wielding a +0 flail (severely wounded, covering ground quickly, 84% to hit)
The searing ray hits the gnoll.
You kill the gnoll!
Vehumet accepts your kill. (Press . to maintain the ray.)
The gnoll hits you with a +0 flail.
You die...

#.##......(...... ....
..............g# .....
#.##.).........# .....
#.##.........#.#
#.....
#.............###.....
+..........#.).#...#
#...........#.....#
#........#####.g)##
####....... #..g@!#
#.......#...#.$.#
............###.....
#.#.........# #......
#+#.......... ......
...... ...... ......
..... (....


You could see a gnoll bouda and a gnoll (swift).

Vanquished Creatures
  An ice beast (D:5)
  An orc warrior (D:5)
  A black bear (D:5)
  A necrophage (D:5)
  2 scorpions (D:5)
  A howler monkey (D:4)
  5 hounds
  Jessica (D:2)
  An iguana (D:5)
  4 orc wizards
  8 adders
  4 gnolls (D:6)
  A white imp (D:5)
  2 dart slugs
  15 orcs
  5 bats
  3 endoplasms
  4 giant cockroaches
  5 goblins
  5 hobgoblins
  3 jackals (D:1)
  6 quokkas
  5 ball pythons
  2 frilled lizards
  4 kobolds
  4 rats
94 creatures vanquished.

Vanquished Creatures (others)
  31 foxfires
31 creatures vanquished.

Grand Total: 125 creatures vanquished

Notes
Turn   | Place    | Note
-------+----------+-------------------------------------------
     0 | D:1      | Godmorgon the Tengu Conjurer began the quest for the Orb.
     0 | D:1      | Reached XP level 1. HP: 10/10 MP: 4/4
   203 | D:1      | Reached XP level 2. HP: 15/15 MP: 1/6
   250 | D:1      | Found a faded altar of an unknown god.
   254 | D:1      | Learned a level 2 spell: Searing Ray
   741 | D:1      | Reached XP level 3. HP: 19/19 MP: 5/8
   947 | D:2      | Found Ettetegh's Assorted Antiques.
  1103 | D:2      | Noticed Jessica
  1143 | D:2      | Killed Jessica
  1293 | D:2      | Reached skill level 6 in Conjurations
  1293 | D:2      | Reached XP level 4. HP: 24/24 MP: 6/10
  1630 | D:2      | Got the Compilation of Unified Pyromania
  1636 | D:2      | Learned a level 4 spell: Flame Wave
  2301 | D:3      | Reached skill level 1 in Fire Magic
  2430 | D:4      | Gained mutation: Your magical nature lets you fly swiftly
                  | and evasively. [Tengu growth]
  2430 | D:4      | Reached XP level 5. HP: 28/28 MP: 5/11
  3359 | D:5      | Entered Level 5 of the Dungeon
  3545 | D:5      | Reached skill level 7 in Conjurations
  3545 | D:5      | Reached XP level 6. HP: 31/32 MP: 6/12
  3627 | D:5      | Noticed a black bear
  3648 | D:5      | Killed a black bear
  3782 | D:5      | Learned a level 1 spell: Foxfire
  4023 | D:5      | Reached XP level 7. HP: 36/36 MP: 9/14
  4513 | D:5      | Reached skill level 8 in Conjurations
  4953 | D:5      | Reached XP level 8. HP: 33/41 MP: 1/15
  5071 | D:5      | Reached skill level 5 in Fire Magic
  5244 | D:6      | Found a staircase to the Ecumenical Temple.
  5251 | Temple   | Entered the Ecumenical Temple
  5500 | Temple   | Became a worshipper of Vehumet
  5528 | D:6      | Slain by a gnoll

Illustrated notes

Levels and vault maps discovered:
D:1:      minmay_arrival_open_corners, layout_basic,
          ebering_ecumenical_altar_rust
D:2:      layout_basic, serial_shops, shop, kennysheep_jessica_study
D:3:      layout_basic, minmay_fountain_box, minmay_goblin_kobold_house,
          uniq_crazy_yiuf_cottage, uniq_grinder
D:4:      layout_cave_pods, corexii_item_surrounded_by_moat
D:5:      layout_loops_ring, st_stairs_12
D:6:      layout_basic, minmay_temple_entry_arrows
Temple:   compressed_dpeg_triangle_lava_temple

Skill      XL: |  1  2  3  4  5  6  7  8 |
---------------+-------------------------+-----
Spellcasting   | 3 4 |  4.7
Conjurations   | 6 7 8 |  8.8
Fire Magic     | 1 2 3 4 5 |  5.1
Dodging        | 3 4 |  4.0
Stealth        | |  2.0

Action                   |  1- 3 |  4- 6 |  7- 9 || total
-------------------------+-------+-------+-------++-------
Melee: Dagger            |     6 |     4 |     6 ||    16
       Kick              |     3 |       |     2 ||     5
       Peck              |     3 |       |       ||     3
 Cast: Magic Dart        |    28 |    24 |     5 ||    57
       Searing Ray       |     9 |    28 |    18 ||    55
       Foxfire           |       |       |    17 ||    17
  Use: Scroll            |       |     5 |     2 ||     7
Armor: Robe              |     3 |     5 |     7 ||    15
Dodge: Dodged            |     4 |    20 |    24 ||    48
